 Dungeon Crawl Stone Soup version 0.32-a0-986-ga09f62fbf4 (webtiles) character file.

Game seed: 12442092601267467090

60 dcgrp the Firebug (level 3, -4/31 HPs)
             Began as a Mountain Dwarf Fire Elementalist on Apr 3, 2024.
             Slain by an orc priest
             ... wielding a +0 flail
              (8 damage)
             ... on level 2 of the Dungeon on Apr 21, 2024.
             The game lasted 00:05:24 (1804 turns).

dcgrp the Firebug (MDFE)                            Turns: 1804, Time: 00:05:24

Health: -4/31      AC:  3    Str: 10    XL:     3   Next: 80%
Magic:  2/6        EV: 10    Int: 17    God:
Gold:   95         SH:  0    Dex: 10    Spells: 5/6 levels left

rFire   . . .        c - +0 mace
rCold   . . .        (no shield)
rNeg    . . .        h - +0 leather armour
rPois   .            (no helmet)
rElec   .            (no cloak)
rCorr   .            (no gloves)
SInv    .            (no boots)
Will    .....        (no amulet)
Stlth   +            (no ring)
HPRegen 0.25/turn    (no ring)
MPRegen 0.10/turn

%: no passive effects
@: no status effects
A: runic magic, artefact enchanting
a: Convert to Beogh


You were on level 2 of the Dungeon.
You visited 1 branch of the dungeon, and saw 2 of its levels.

You collected 95 gold pieces.

Inventory:

Hand Weapons
 c - a +0 mace (weapon)
 e - a +0 sling
Missiles
 d - 6 poisoned darts (quivered)
Armour
 h - a +0 leather armour (worn)
Talismans
 l - a granite talisman
Scrolls
 f - a scroll of identify {unknown}
 i - a scroll of noise {unknown}
 m - a scroll of fear {unknown}
Potions
 a - a potion of mutation {unknown}
 b - a potion of magic
 g - a potion of curing {unknown}
 j - a potion of heal wounds {unknown}
 k - 2 potions of enlightenment {unknown}
 n - a potion of attraction {unknown}


   Skills:
 - Level 3.0 Fighting
 - Level 1.3 Dodging
 - Level 1.4 Stealth
 - Level 2.0 Spellcasting
 - Level 0.8 Conjurations
 + Level 4.4 Fire Magic


You had 5 spell levels left.
You knew the following spells:

 Your Spells              Type           Power      Damage    Failure   Level
a - Foxfire               Conj/Fire      40%        2x1d6     7%          1

Your spell library contained the following spells:

 Spells                   Type           Power      Damage    Failure   Level
 Scorch                   Fire           32%        2d6       5%          2
 Inner Flame              Hex/Fire       9%         N/A       26%         3
 Volatile Blastmotes      Fire/Tloc      18%        2d11      26%         3
 Flame Wave               Conj/Fire      10%        2d6       56%         4


Dungeon Overview and Level Annotations

Branches:
Dungeon (2/15)

Altars:

Shops:
D:2 [


Innate Abilities, Weirdness & Mutations

Your spellcasting is much less encumbered by armour.
You can use scrolls of enchantment on lesser artefacts.


Message History

(press Y on the ability menu to convert to Beogh)
The foxfire hits the orc priest but does no damage.
The foxfire hits the orc priest.
The orc priest is moderately wounded.
Casting: Foxfire (safe; 7% risk of failure)
Confirm with . or Enter, or press ? or * to list all spells.
You conjure some foxfire!
The orc priest hits you with a +0 flail.
You hit the orc priest but do no damage.
The orc priest is moderately wounded.
The foxfire hits the orc priest but does no damage.
The orc priest is moderately wounded.
The orc priest threatens, "Beogh's wrath is as vast as their mercy.
Make your choice!"
The foxfire hits the orc priest.
The orc priest is moderately wounded.
The orc priest hits you with a +0 flail.
Casting: Foxfire (safe; 7% risk of failure)
Confirm with . or Enter, or press ? or * to list all spells.
You conjure some foxfire!
The orc priest shouts, "The Pantheon deserves no one's loyalty.
Let us show you the true path!"
The orc priest hits you with a +0 flail!
* * * LOW HITPOINT WARNING * * *
You hit the orc priest but do no damage.
The orc priest is moderately wounded.
The orc priest threatens, "Beogh's wrath is as vast as their mercy.
Make your choice!"
The foxfire hits the orc priest but does no damage.
The orc priest is moderately wounded.
The orc priest barely misses you. x2
Casting: Foxfire (safe; 7% risk of failure)
Confirm with . or Enter, or press ? or * to list all spells.
You conjure some foxfire!
The orc priest hits you with a +0 flail.
* * * LOW HITPOINT WARNING * * *
You sock the orc priest!
The orc priest is almost dead.
The foxfire hits the orc priest but does no damage.
The orc priest is almost dead.
The orc priest shouts, "The Pantheon deserves no one's loyalty.
Let us show you the true path!"
The orc priest hits you with a +0 flail!
You die...

#########
#.⌠.⌠...####
#..∩.#.....# #####
..⌠.⌠#..##.###...#
...#...........#.#
.....#..##.###.§.#
...###.....#
##.@##
........####
##o#v## .........
#.###.##
##.......#
#..#...# ##......)
#.#o##)#
##...(...#
#.#.##.# #.......#
....##.# ##.......
#..####.# ........
#..####.#######


You could see an orc priest (ally target).

Vanquished Creatures
  2 adders (D:2)
  A dart slug (D:2)
  An orc (D:2)
  4 ball pythons
  5 endoplasms
  3 giant cockroaches
  2 goblins
  3 hobgoblins
  A quokka (D:2)
  3 bats
  4 frilled lizards
  4 kobolds
  4 rats
37 creatures vanquished.

Vanquished Creatures (others)
  107 foxfires
107 creatures vanquished.

Grand Total: 144 creatures vanquished

Notes
Turn   | Place    | Note
-------+----------+-------------------------------------------
     0 | D:1      | dcgrp the Mountain Dwarf Fire Elementalist began the quest
                  | for the Orb.
     0 | D:1      | Reached XP level 1. HP: 14/14 MP: 3/3
    92 | D:1      | Reached skill level 1 in Fighting
   259 | D:1      | Reached XP level 2. HP: 24/24 MP: 1/4
  1059 | D:1      | Upgraded the game from 0.32-a0-893-gf85d74f360 to
                  | 0.32-a0-986-ga09f62fbf4
  1190 | D:2      | Reached XP level 3. HP: 31/31 MP: 3/5
  1506 | D:2      | Reached skill level 4 in Fire Magic
  1630 | D:2      | Found Niamow's Armour Shoppe.
  1804 | D:2      | Slain by an orc priest

Illustrated notes

Levels and vault maps discovered:
D:1:      spicycebolla_arrival_xxxplode, layout_loops_cross
D:2:      cheibrodos_pilgrimage, layout_loops_cross, serial_shops,
          shop_fountains

Skill      XL: |  1  2  3 |
---------------+----------+-----
Fighting       | 1 3 |  3.0
Spellcasting   | 2 |  2.0
Fire Magic     | 4 |  4.4
Dodging        | |  1.3
Stealth        | |  1.4
Conjurations   | |  0.8

Action                     || total
---------------------------++-------
  Melee: Mace              ||    30
         Unarmed           ||     3
   Cast: Foxfire           ||    66
 Armour: Robe              ||     7
         Leather armour    ||    24
  Dodge: Dodged            ||    28

Table legend: (Time is in decaauts)
 A = Elapsed time spent in this place.
 B = Non-inter-level travel time spent in this place.
 C = Inter-level travel time spent in this place.
 D = Time resting spent in this place.
 E = Time spent auto-exploring this place.
 F = Levels seen in this place.
 G = Mean time per level.
                   A        B        C        D        E       F      G
               +--------+--------+--------+--------+--------+-----+--------+
         Total |   1814 |   1814 |      0 |      0 |   1460 |   2 |  907.0 |
       Dungeon |   1814 |   1814 |      0 |      0 |   1460 |   2 |  907.0 |
               +--------+--------+--------+--------+--------+-----+--------+

Top non-repeatable levels by time:
     D:1: 1069 daAuts
     D:2: 745 daAuts
